 Dungeon Crawl Stone Soup version 0.25-a0-547-g27a0b5d1ef (webtiles) character file.

Game seed: 14252879480427868578, levelgen mode: deterministic

58 Esekla the Magician (level 3, -13/19 HPs)
             Began as a Deep Elf Wizard on Feb 22, 2020.
             Mangled by a polar bear (24 damage)
             ... created by the rage of Trog
             ... on level 3 of the Dungeon.
             The game lasted 00:13:27 (2628 turns).

Esekla the Magician (Deep Elf Wizard)               Turns: 2628, Time: 00:13:28

Health: -13/19     AC:  3    Str:  5    XL:     3   Next: 76%
Magic:  6/11       EV: 13    Int: 24    God:
Gold:   72         SH:  0    Dex: 15    Spells: 3/12 levels left

rFire    . . .     SeeInvis .   g - +0 dagger
rCold    . . .     Gourm    .   (no shield)
rNeg     . . .     Faith    .   a - +0 robe
rPois    .         Spirit   .   b - +0 hat
rElec    .         Reflect  .   (no cloak)
rCorr    .         Harm     .   (no gloves)
MR       .....                  c - +0 pair of boots
Stlth    ++........             (no amulet)
HPRegen  0.06/turn              o - +2 ring of intelligence
MPRegen  0.12/turn              p - +2 ring of dexterity

@: no status effects
A: no striking features
a: no special abilities


You were on level 3 of the Dungeon.
You were not hungry.

You visited 1 branch of the dungeon, and saw 3 of its levels.

You collected 72 gold pieces.

Inventory:

Hand Weapons
 g - a +0 dagger (weapon)
Armour
 a - a +0 robe (worn)
 b - a +0 hat (worn)
 c - a +0 pair of boots (worn)
Jewellery
 o - a +2 ring of intelligence (left hand)
 p - a +2 ring of dexterity (right hand)
Scrolls
 e - 2 scrolls of teleportation {unknown}
 h - 2 scrolls of remove curse {unknown}
 i - 3 scrolls of identify {unknown}
 j - a scroll of immolation {unknown}
 l - a scroll of noise {unknown}
 m - a scroll of amnesia {unknown}
Potions
 f - 2 potions of curing {unknown}
 k - a potion of cancellation {unknown}
 n - 2 potions of ambrosia {unknown}
Comestibles
 d - 4 rations


   Skills:
 * Level 1.4 Short Blades
 + Level 3.2 Dodging
 - Level 2.4 Stealth
 - Level 5.3 Spellcasting
 - Level 1.7 Conjurations
   Level 1.1 Summonings
 - Level 1.2 Translocations


You had 3 spell levels left.
You knew the following spells:

 Your Spells              Type           Power        Failure   Level  Hunger
a - Magic Dart            Conj           ##..         4%          1    None
b - Blink                 Tloc           N/A          8%          2    None
c - Mephitic Cloud        Conj/Pois/Air  #.......     21%         3    ##.....
d - Conjure Flame         Conj/Fire      ##......     19%         3    ##.....

Your spell library contained the following spells:

 Spells                   Type           Power        Failure   Level  Hunger
 Call Imp                 Summ           ##......     9%          2    None
 Slow                     Hex            #.......     13%         2    None


Dungeon Overview and Level Annotations

Branches:
Dungeon (3/15)

Altars:
Trog


Message History

You hear an angry growl. x2
You hear an angry growl.
You hear an angry growl.
You hear an angry growl.
Casting: Blink (safe; 8% risk of failure)
Confirm with . or Enter, or press ? or * to list all spells.
You don't know that spell.
Casting: Blink (safe; 8% risk of failure)
Confirm with . or Enter, or press ? or * to list all spells.
The fire begins to smolder!
You hear an angry growl.
You hear an angry growl.
The polar bear smothers the flame.
The polar bear bites you but does no damage.
The polar bear barely misses you. x2
You hear an angry growl. x3
You hear an angry growl.
The polar bear bites you!!
Ouch! That really hurt!
You die...

#................# #.#
#....<).########## #.#
##.....######### #.# #
##...#........#####.##.###.
#####.##.######............?.
#..... #.# ##########.#####.
#.######.###...<............#
#.# ##...##.########.#####.#
#.####.....#@# #.#
#..........h.# #..
#.####.....### #### ###.#
##...h.# #<..#
#####.############ #...#
#.h..h.......# #...#
############.# ##..# #.# #...
#.#


You could see 2 polar bears.

Vanquished Creatures
  2 oozes
  A dart slug (D:1)
  3 leopard geckos
  2 giant cockroaches (D:1)
  4 goblins
  5 hobgoblins
  7 jackals
  4 kobolds
  A quokka (D:3)
  A ball python (D:3)
  6 bats
  A frilled lizard (D:1)
  5 rats
42 creatures vanquished.

Notes
Turn   | Place    | Note
-------+----------+-------------------------------------------
     0 | D:1      | Esekla the Deep Elf Wizard began the quest for the Orb.
     0 | D:1      | Reached XP level 1. HP: 10/10 MP: 7/7
   304 | D:1      | Reached skill level 5 in Spellcasting
   361 | D:1      | Reached XP level 2. HP: 15/15 MP: 7/10
   557 | D:1      | Learned a level 2 spell: Blink
   674 | D:2      | Found a faded altar of an unknown god.
   683 | D:2      | Became a worshipper of Trog the Wrathful
   683 | D:2      | Reached * piety under Trog
   897 | D:2      | Was placed under penance by Trog
   988 | D:3      | Noticed a polar bear
   988 | D:3      | Noticed a black bear
   988 | D:3      | Noticed a polar bear
  1285 | D:1      | Fell from the grace of Trog
  1295 | D:1      | Reached XP level 3. HP: 7/19 MP: 4/11
  1423 | D:1      | Learned a level 3 spell: Mephitic Cloud
  1427 | D:1      | Learned a level 3 spell: Conjure Flame
  1539 | D:1      | Reached skill level 1 in Short Blades
  2464 | D:3      | Paralysed by Trog for 4 turns
  2607 | D:3      | Noticed a polar bear
  2607 | D:3      | Noticed a black bear
  2607 | D:3      | Noticed a polar bear
  2607 | D:3      | Noticed a black bear
  2628 | D:3      | Mangled by a polar bear

Levels and vault maps discovered:
D:1:      lemuel_arrival_room, layout_basic
D:2:      layout_loops_ring, chequers_ecumenical_altar_simple_redux,
          columned_hall_lemuel
D:3:      layout_loops_ring

Skill      XL: |  1  2  3 |
---------------+----------+-----
Spellcasting   | 5 |  5.3
Short Blades   | 1 |  1.4
Dodging        | 3 |  3.2
Stealth        | |  2.4
Conjurations   | |  1.7
Summonings     | |  1.1
Translocations | |  1.2

Action                   || total
-------------------------++-------
Melee: Dagger            ||    48
 Cast: Magic Dart        ||    95
       Blink             ||     4
       Conjure Flame     ||     1
Invok: Renounce Religion ||     1
 Stab: Sleeping          ||     3
  Eat: Chunk             ||     5
Armor: Robe              ||    44
Dodge: Dodged            ||    95

Table legend:
 A = Non-vault XP
 B = Vault XP
 C = Vault XP percentage of total XP
 D = Non-vault monster count
 E = Vault monster count
 F = Vault count percentage of total count
                 A         B        C        D         E       F
            +---------+---------+-------+---------+---------+-------
      Total |      84 |       0 |   0.0 |      42 |       0 |   0.0
            +---------+---------+-------+---------+---------+-------
        D:1 |      54 |       0 |   0.0 |      27 |       0 |   0.0
        D:2 |       9 |       0 |   0.0 |       3 |       0 |   0.0
        D:3 |      21 |       0 |   0.0 |      12 |       0 |   0.0
            +---------+---------+-------+---------+---------+-------
